 Dungeon Crawl Stone Soup version 0.27-a0-1448-g9c78c815f3 (webtiles) character file.

Game seed: 14871932559912051590

444549 Froggeryz the Slayer (level 24, -1/211 (223) HPs)
             Began as a Barachi Berserker on July 5, 2021.
             Was the Champion of Trog.
             Killed from afar by an ancient lich (52 damage)
             ... with a bolt of acid
             ... on level 5 of the Vaults.
             The game lasted 01:31:14 (60271 turns).

Froggeryz the Slayer (Barachi Berserker)           Turns: 60271, Time: 01:31:14

HP:   -1/211 (223)  AC: 40    Str: 26    XL:     24   Next: 17%
MP:   0/32          EV: 19    Int: 11    God:    Trog [******]
Gold: 3236          SH: 15    Dex: 19    Spells: 23/23 levels left

rFire    + + .     SeeInvis .   N - +9 demon blade (freeze)
rCold    + . .     Faith    .   z - +0 kite shield {reflect}
rNeg     . . .     Spirit   +   V - +12 gold dragon scales
rPois    +         Reflect  +   d - +2 helmet "Dirch" {rElec Slay+3}
rElec    +         Harm     .   U - +1 cloak of Starlight {*Dazzle EV+4 Stlth--}
rCorr    .         Rampage  .   g - +2 pair of gloves
Will     ++++.                  b - +0 pair of boots
Stlth    ..........             j - amulet of guardian spirit
HPRegen  0.45/turn              n - +4 ring of slaying
MPRegen  0.23/turn              f - ring of the Ego {Drain Will+++ MP+9 Str-2 Dex+8}

@: corroded, drained, slow
A: amphibious, slowness 1, strong legs 2, +LOS, clever 1, clumsy 1, fire
resistance 1
}: 2/15 runes: decaying, serpentine
a: Hop, Renounce Religion, Berserk, Trog's Hand, Brothers in Arms


You were on level 5 of the Vaults.
You worshipped Trog.
Trog was exalted by your worship.
You visited 7 branches of the dungeon, and saw 38 of its levels.
You also visited: Bailey, Ice Cave, Volcano and Wizlab.

You collected 6726 gold pieces.
You spent 3490 gold pieces at shops.

Inventory:

Hand Weapons
 y - a +6 antimagic demon blade
 L - a +3 eudemon blade of holy wrath
 N - a +9 demon blade of freezing (weapon)
Missiles
 q - 3 silver javelins
 t - 4 throwing nets
 A - 68 boomerangs
 H - 33 curare-tipped darts
 I - 17 boomerangs of dispersal
 J - 6 javelins (quivered)
Armour
 b - a +0 pair of boots (worn)
 d - the +2 helmet "Dirch" (worn) {rElec Slay+3}
   (You took it off Robin on level 4 of the Dungeon)

   Slay:      It affects your accuracy & damage with ranged weapons and melee
   (+3).
   rElec:     It insulates you from electricity.
 g - a +2 pair of gloves (worn)
 w - the +1 cloak "Laomyfo" {rN++ Str-3 SInv Stlth+}
   (You found it in a wizard's laboratory)

   Str:       It affects your strength (-3).
   rN:        It greatly protects you from negative energy.
   SInv:      It lets you see invisible.
   Stlth:     It makes you more stealthy.
 z - a +0 kite shield of reflection (worn)
 F - the +2 helmet "Zeqisop" {+Blink}
   (You found it in a bailey)

   +Blink:    It lets you blink.
 G - the +1 cloak of Weak Happiness {MP+9}
   (You found it in a wizard's laboratory)

   MP:        It affects your magic capacity (+9).
 K - +0 gold dragon scales
 U - the +1 cloak of Starlight (worn) {*Dazzle EV+4 Stlth--}
   (You found it in a wizard's laboratory)

   EV:        It affects your evasion (+4).
   Stlth:     It makes you much less stealthy.
 V - +12 gold dragon scales (worn)
Jewellery
 f - the ring of the Ego (right hand) {Drain Will+++ MP+9 Str-2 Dex+8}
   (You acquired it on level 12 of the Dungeon)

   [ring of magical power]

   Str:       It affects your strength (-2).
   Dex:       It affects your dexterity (+8).
   MP:        It affects your magic capacity (+9).
   Drain:     It drains your maximum health when unequipped.
   Will:      It greatly increases your willpower.
 h - a ring "Xietaocwu" {rPois Will+ Str+4 Dex+4}
   (You bought it in a shop on level 3 of the Snake Pit)

   [ring of poison resistance]

   Str:       It affects your strength (+4).
   Dex:       It affects your dexterity (+4).
   rPois:     It protects you from poison.
   Will:      It increases your willpower.
 j - an amulet of guardian spirit (around neck)
 n - a +4 ring of slaying (left hand)
 M - a ring of protection from fire
 X - an amulet of regeneration
 Z - an amulet of reflection
Wands
 l - a wand of iceblast (22)
 m - a wand of paralysis (17)
 D - a wand of flame (54)
 S - a wand of digging (15)
Scrolls
 a - 11 scrolls of fog
 i - 2 scrolls of enchant armour
 k - 6 scrolls of fear
 r - 5 scrolls of blinking
 s - 2 scrolls of immolation
 E - a scroll of silence
 O - 15 scrolls of magic mapping
 W - 7 scrolls of teleportation
 Y - 2 scrolls of brand weapon
Potions
 c - 7 potions of haste
 e - 8 potions of flight
 o - 12 potions of curing
 p - 4 potions of attraction
 u - 4 potions of lignification
 v - a potion of mutation
 x - 2 potions of cancellation
 B - 2 potions of resistance
 C - 2 potions of ambrosia
 R - 5 potions of heal wounds
 T - 3 potions of invisibility
Miscellaneous
 P - a condenser vane


   Skills:
 * Level 25.9 Fighting
 - Level 16.7 Long Blades
 - Level 16.0 Throwing
 + Level 15.2 Armour
 - Level 19.0 Dodging
 - Level 15.0 Shields
 - Level 8.3 Evocations


You had 23 spell levels left.
You didn't know any spells.
Your spell library contained the following spells:

 Spells                   Type           Power      Damage    Failure   Level
 Gell's Gravitas          Tloc           0%         N/A       100%        3
 Teleport Other           Tloc           0%         N/A       100%        3
 Iskenderun's Mystic Bla  Conj/Tloc      0%         2d3       100%        4
 Passage of Golubria      Tloc           N/A        N/A       100%        4
 Freezing Cloud           Conj/Ice/Air   0%         6-21      100%        5
 Manifold Assault         Tloc           0%         N/A       100%        5
 Simulacrum               Ice/Necr       0%         N/A       100%        6
 Malign Gateway           Summ/Tloc      0%         N/A       100%        7
 Disjunction              Tloc           0%         N/A       100%        8
 Polar Vortex             Ice            0%         N/A       100%        9


Dungeon Overview and Level Annotations

Branches:
Dungeon (15/15)            Temple (0/1) D:6            Lair (6/6) D:11
  Swamp (4/4) Lair:2        Snake (4/4) Lair:2        Slime (0/5) Lair:6
    Orc (2/2) D:10            Elf (2/3) Orc:2        Vaults (5/5) D:13
  Crypt (0/3) Vaults:2     Depths (0/5) D:15         Bailey (visited)
  IceCv (visited)         Volcano (visited)          WizLab (visited)

Altars:
Ashenzari
Dithmenos
Elyvilon
Fedhas
Gozag
Hepliaklqana
Nemelex Xobeh
Qazlal
Sif Muna
Trog
Wu Jian
Yredelemnul
Zin
Beogh

Shops:
D:10 :   D:12 =   D:15 *   Orc:2 ([?!   Elf:1 ?   Snake:3 !(=   Vaults:1 :
Vaults:2 =   Vaults:4 (

Portals:
Trove: D:10 (give +3 gold dragon scales)


Innate Abilities, Weirdness & Mutations

You are amphibious.
You cover ground slowly.
You can hop long distances.
You have an extended range of vision and can be seen from far away.
Your mind is acute. (Int +2)
You are clumsy. (Dex -2)
Your flesh is heat resistant. (rF+)


Message History

Trog accepts your kill.
Trog appreciates your killing of a magic user.
Reactivating autopickup.
You feel a bit more experienced.
Something touches you but does no damage.
Deactivating autopickup; reactivate with Ctrl-A.
You slash something!
The deep elf high priest prays to its god.
The deep elf high priest begins emitting a brilliant aura!
You closely miss something. Something touches you.
You slash something! You slice something!! You freeze something.
You hear some strange, mumbled words.
A bolt of acid appears from out of thin air!
The bolt of acid hits you. The acid corrodes you!
You are splashed with acid!
The deep elf high priest hits you from afar with a +1 trident of flaming!
The deep elf high priest burns you.
You slash something!
You hear some strange, mumbled words.
A bolt of acid appears from out of thin air!
The bolt of acid hits you!!
* * * LOW HITPOINT WARNING * * *
You are splashed with acid!
* * * LOW HITPOINT WARNING * * *
Okay, then.
You barely miss something.
You block the deep elf high priest's attack.
You hit something.
Something touches you but does no damage.
The deep elf high priest mumbles some strange prayers.
The deep elf high priest closely misses you.
You hit something. You completely miss something.
Something touches you but does no damage.
You block the deep elf high priest's attack.
You hit something but do no damage.
You hear some strange, mumbled words.
A bolt of acid appears from out of thin air!
The bolt of acid hits you!!!
You die...

########
........
........
#######
.......########
.......
.p...........#
.......
...#e..)...##
.......
#.{..)..#
.......
#..@...##
####..#
#....### ..
#)#######
#)##....##o.
#.).)........
#............
#...........)
#...#........
#...####....#


You could see a deep elf high priest (brilliance aura).

Vanquished Creatures
  A dread lich (Vaults:5)
  Mara (Vaults:5)
  Mennas (Vaults:4)
  Frederick (Vaults:2)
  Vashnia (Snake:2)
  Nikola (Swamp:2)
  2 golden dragons (Vaults:5)
  2 tentacled monstrosities
  Jorgrun (Orc:1)
  2 Ice Fiends (IceCv)
  A quicksilver dragon (Vaults:5)
  3 titans (Vaults:5)
  2 sphinxes (Vaults:4)
  3 tengu reavers
  Agnes (Snake:2)
  7 nagarajas
  3 thorn hunters
  Kirke (Lair:5)
  6 storm dragons
  3 shadow dragons (Vaults:5)
  Donald (Snake:3)
  2 fenstrider witches
  3 fire giants
  A frost giant (Vaults:5)
  An orc warlord (Vaults:3)
  Louise (Swamp:3)
  An iron dragon (Vaults:5)
  Aizul (Snake:2)
  8 vault wardens
  2 angels (WizLab)
  5 very ugly things
  3 war gargoyles
  12 ironbound preservers
  4 deep elf demonologists (Elf:1)
  5 stone giants
  Azrael (D:14)
  Nessos (D:15)
  2 bunyips
  3 dire elephants
  3 entropy weavers
  An eidolon (Vaults:2)
  2 deep elf death magi
  4 ettins
  2 fire dragons
  A crystal guardian (Vaults:1)
  2 eleionomae
  3 shambling mangroves (Swamp:4)
  9 yaktaur captains
  3 deep elf high priests
  An ice dragon (Elf:1)
  22 hydras
  5 great orbs of eyes
  32 vault guards
  10 boulder beetles
  Erolcha (Orc:1)
  A salamander tyrant (Snake:3)
  19 naga warriors
  8 ironbound thunderhulks
  4 peacekeepers
  A catoblepas (Lair:1)
  13 two-headed ogres (Orc:2)
  6 ogre magi
  10 centaur warriors
  10 ironbound frosthearts
  4 alligators
  2 ghost crabs (Swamp:3)
  10 anacondas
  2 death knights
  A deep troll shaman (Vaults:3)
  14 death yaks (Lair:6)
  A tengu warrior (D:13)
  A deep troll earth mage (Vaults:3)
  7 ironbound beastmasters
  18 dancing weapons (Elf:2)
  33 naga sharpshooters
  A spriggan berserker (Swamp:1)
  Sonja (D:10)
  11 shock serpents
  2 soul eaters
  Urug (Lair:6)
  2 fire crabs (Lair:6)
  8 deep elf knights
  A salamander mystic (Snake:3)
  8 goliath frogs
  A sea snake (shapeshifter) (D:14)
  An iron troll (Vaults:3)
  The ghost of Thargor the Magician, a novice DjFE of Makhleb (D:7)
  2 glowing orange brains (Vaults:3)
  39 deep trolls
  3 spriggan druids
  5 phantasmal warriors
  8 deep elf archers
  An obsidian statue (WizLab)
  8 bog bodies
  9 swamp dragons (Swamp:4)
  9 naga ritualists
  4 wizards
  9 orc knights
  9 lindwurms
  An orb spider (shapeshifter) (Elf:1)
  14 ironbound convokers
  A necromancer (Vaults:2)
  Pikel (D:5)
  4 harpies (Vaults:1)
  4 ugly things
  An orange crystal statue (D:10)
  10 mana vipers
  15 deep elf pyromancers
  5 will-o-the-wisps
  An oklob plant (Lair:3)
  A manticore (D:14)
  11 deep elf zephyrmancers
  3 orc sorcerers
  A worldbinder (WizLab)
  A shining eye (shapeshifter) (Vaults:4)
  14 salamanders
  Maurice (D:11)
  7 cyclopes
  7 elephants
  50 black mambas
  28 naga magi
  8 guardian serpents
  A human zombie (Vaults:2)
  Joseph (D:10)
  5 molten gargoyles
  An orange demon (WizLab)
  2 gargoyles (Volcano)
  10 cane toads
  3 torpor snails
  4 rime drakes
  18 vault sentinels
  3 ice statues
  10 komodo dragons
  2 unseen horrors
  2 komodo dragons (shapeshifter)
  A tengu conjurer (D:13)
  An ancient zyme (WizLab)
  23 yaktaurs
  An efreet (Volcano)
  A yaktaur skeleton (Vaults:2)
  3 freezing wraiths
  3 meliai (D:15)
  2 jumping spiders
  13 ice devils (IceCv)
  7 tyrant leeches
  13 trolls
  5 polar bears
  9 hornets
  Prince Ribbit (D:9)
  30 slime creatures
  3 dream sheep (Lair:4)
  14 blink frogs
  3 large abominations (WizLab)
  4 redbacks
  2 air elementals
  5 wraiths
  A ynoxinul (WizLab)
  A tarantella (Vaults:3)
  6 spriggans
  2 water elementals
  31 yaks
  11 wyverns
  2 fire elementals
  2 fire bats (Volcano)
  A human (shapeshifter) (D:13)
  2 humans
  6 basilisks
  2 hogs
  9 vampire mosquitoes
  A steam dragon (Lair:6)
  5 spatial vortices (WizLab)
  A warg (Orc:2)
  18 swamp worms
  Edmund (D:4)
  65 nagas
  A water moccasin (shapeshifter) (Vaults:5)
  16 water moccasins
  An acid dragon (D:11)
  8 hell hounds
  A floating eye (shapeshifter) (Elf:2)
  Duvessa (D:7)
  17 orc warriors
  10 swamp drakes
  2 ice beasts
  A sky beast (D:7)
  4 black bears
  26 ogres
  8 centaurs
  4 necrophages
  6 boggarts
  A lemure (D:5)
  13 wolves
  3 kobold brigands
  8 bullfrogs
  2 gnoll sergeants
  A scorpion (D:6)
  A wyvern zombie (D:6)
  4 earth elementals
  Dowan (D:7)
  A water moccasin skeleton (D:5)
  A human simulacrum (Vaults:2)
  5 howler monkeys
  9 electric eels
  11 lava snakes
  A crimson imp (WizLab)
  4 centaur zombies
  A wyvern simulacrum (D:7)
  2 bullfrog zombies (D:5)
  6 orc priests
  Crazy Yiuf (D:7)
  7 hounds
  3 jellies
  2 bullfrog skeletons
  A gnoll shaman (D:8)
  2 iguanas (D:5)
  14 orc wizards
  2 small abominations (WizLab)
  2 howler monkey zombies
  Robin (D:4)
  12 gnolls
  A howler monkey skeleton (D:5)
  5 adders
  7 white imps
  9 ufetubi
  A worm (D:2)
  A dart slug (D:1)
  69 orcs
  6 endoplasms
  4 giant cockroaches
  19 goblins
  9 hobgoblins
  16 jackals
  2 quokkas
  4 ball pythons
  6 bats
  4 frilled lizards (D:1)
  25 kobolds
  5 rats
1493 creatures vanquished.

Vanquished Creatures (others)
  An eldritch tentacle (WizLab)
  A hydra (Swamp:4)
  A spriggan berserker (Swamp:4)
  2 deep elf knights
  A deep elf zephyrmancer (Elf:2)
  A mana viper (Snake:4)
  A black mamba (Snake:1)
  2 bloated husks
  A hornet (Swamp:4)
  2 humans (Lair:6)
  A swamp worm (Swamp:4)
  A naga (Snake:3)
  An orc wizard (Orc:1)
  2 white imps (IceCv)
  3 ufetubi (IceCv)
  3 briar patches
  A bush (Lair:6)
  27 foxfires
  40 fungi
  36 plants
  7 toadstools (Swamp:2)
135 creatures vanquished.

Grand Total: 1628 creatures vanquished

Notes
Turn   | Place    | Note
-------+----------+-------------------------------------------
     0 | D:1      | Froggeryz the Barachi Berserker began the quest for the
                  | Orb.
     0 | D:1      | Reached XP level 1. HP: 18/18 MP: 1/1
   289 | D:1      | Reached XP level 2. HP: 24/25 MP: 2/2
   599 | D:1      | Reached skill level 4 in Fighting
   866 | D:1      | Found a faded altar of an unknown god.
  1099 | D:1      | Reached XP level 3. HP: 27/30 MP: 3/3
  1475 | D:2      | Reached ** piety under Trog
  1859 | D:2      | Reached skill level 5 in Long Blades
  2030 | D:2      | Reached XP level 4. HP: 33/38 MP: 4/4
  2570 | D:3      | Found a bloodstained altar of Trog.
  3037 | D:3      | Found an ornate altar of the Wu Jian Council.
  3558 | D:4      | Found a shimmering blue altar of Sif Muna.
  3562 | D:4      | Noticed Edmund
  3578 | D:4      | Killed Edmund
  3579 | D:4      | Reached skill level 5 in Fighting
  3579 | D:4      | Reached XP level 5. HP: 19/44 MP: 5/5
  3834 | D:4      | Noticed a black bear
  3845 | D:4      | Killed a black bear
  3846 | D:4      | Reached XP level 6. HP: 51/51 MP: 6/6
  4015 | D:4      | Found a shadowy altar of Dithmenos.
  4017 | D:4      | Identified the +2 helmet "Dirch" {rElec Slay+3}
  4017 | D:4      | Noticed Robin
  4106 | D:4      | Noticed a necrophage
  4116 | D:4      | Killed a necrophage
  4304 | D:4      | Reached XP level 7. HP: 55/56 MP: 7/7
  4332 | D:4      | Killed Robin
  4655 | D:5      | Entered Level 5 of the Dungeon
  4779 | D:5      | Reached skill level 5 in Armour
  4805 | D:5      | Reached *** piety under Trog
  4806 | D:5      | Reached XP level 8. HP: 52/62 MP: 8/8
  4809 | D:5      | Noticed Pikel
  4826 | D:5      | Reached skill level 10 in Long Blades
  4877 | D:5      | Killed Pikel
  4883 | D:5      | Reached XP level 9. HP: 40/68 MP: 9/9
  5301 | D:5      | Identified the +0 helmet of Grace {rF- Will+ Dex+3}
  6263 | D:6      | Found a white marble altar of Elyvilon.
  6559 | D:6      | Found a broken altar of Ashenzari.
  6560 | D:6      | Found a blossoming altar of Fedhas.
  6731 | D:6      | Found a staircase to the Ecumenical Temple.
  6858 | D:6      | Identified the +5 falchion "Kaolin" {venom, Int+3 Stlth+}
  7140 | D:7      | Reached XP level 10. HP: 51/74 MP: 10/10
  7280 | D:7      | Noticed Duvessa
  7280 | D:7      | Noticed Dowan
  7290 | D:7      | Killed Duvessa
  7290 | D:7      | Killed Dowan
  7291 | D:7      | Reached skill level 5 in Dodging
  7318 | D:7      | Found a transporter.
  7319 | D:7      | Noticed Thargor's ghost (novice DjFE)
  7324 | D:7      | Found a transporter.
  7431 | D:7      | Found a runed translucent door.
  7519 | D:7      | Reached **** piety under Trog
  7562 | D:7      | Found a flagged portal.
  7577 | Bailey   | Entered a bailey
  7661 | Bailey   | Noticed an orc knight
  7724 | Bailey   | Killed an orc knight
  7796 | Bailey   | Noticed an orc knight
  7862 | Bailey   | Killed an orc knight
  7907 | Bailey   | Found a burning altar of Makhleb.
  7920 | Bailey   | Identified the +2 helmet "Zeqisop" {+Blink}
  8123 | D:7      | Noticed a cyclops
  8130 | D:7      | Killed a cyclops
  8132 | D:7      | Found a basalt altar of Yredelemnul.
  8325 | D:7      | Found an opulent altar of Gozag.
  8377 | D:7      | Noticed Crazy Yiuf
  8383 | D:7      | Killed Crazy Yiuf
  9004 | D:8      | You fall into a shaft and drop 2 floors!
  9004 | D:10     | Entered Level 10 of the Dungeon
  9025 | D:10     | Found a staircase to the Orcish Mines.
  9087 | D:10     | Reached skill level 15 in Long Blades
  9087 | D:10     | Reached skill level 1 in Evocations
  9136 | D:10     | Noticed an orange crystal statue
  9173 | D:10     | Found a stormy altar of Qazlal.
  9216 | D:10     | Noticed Joseph
  9235 | D:10     | Killed Joseph
  9235 | D:10     | Reached ***** piety under Trog
  9236 | D:10     | Reached XP level 11. HP: 36/80 MP: 11/11
  9461 | D:10     | Noticed Sonja
  9476 | D:10     | Killed Sonja
  9584 | D:9      | Identified the +1 ring mail of Elyvilon's Favour {+Inv
                  | SInv}
  9636 | D:8      | Found a glowing silver altar of Zin.
  9764 | D:8      | You fall into a shaft and drop 1 floor!
 10164 | D:9      | Found a hazy altar of Hepliaklqana.
 10165 | D:9      | Found a faded altar of an unknown god.
 10165 | D:9      | Noticed Prince Ribbit
 10166 | D:9      | Found a faded altar of an unknown god.
 10175 | D:9      | Killed Prince Ribbit
 10194 | D:9      | Noticed an eight-headed hydra
 10525 | D:10     | Found a portal to a secret trove of treasure.
 10617 | D:10     | Found Tueqe's Book Emporium.
 10921 | D:10     | Noticed a two-headed ogre
 11243 | D:11     | Reached skill level 1 in Shields
 11282 | D:11     | Noticed an eight-headed hydra
 11386 | D:11     | Noticed Maurice
 11411 | D:11     | Killed Maurice
 11601 | D:11     | Noticed a boulder beetle
 11613 | D:11     | Killed a boulder beetle
 11868 | D:11     | Found a staircase to the Lair.
 12484 | Lair:1   | Entered Level 1 of the Lair of Beasts
 12499 | Lair:1   | Reached skill level 5 in Shields
 12595 | Lair:1   | Noticed a catoblepas
 12610 | Lair:1   | Killed a catoblepas
 12761 | Lair:1   | Reached skill level 6 in Fighting
 12959 | Lair:1   | Reached XP level 12. HP: 87/88 MP: 12/12
 13835 | Lair:2   | Reached skill level 5 in Throwing
 13844 | Lair:2   | Reached skill level 7 in Fighting
 14335 | Lair:2   | Reached skill level 8 in Fighting
 14393 | Lair:2   | Found a staircase to the Snake Pit.
 14770 | Lair:2   | You fall into a shaft and drop 2 floors!
 14948 | Lair:3   | Found a sparkling altar of Nemelex Xobeh.
 15049 | Lair:3   | Reached skill level 9 in Fighting
 15171 | Lair:2   | Found a staircase to the Swamp.
 15461 | Lair:2   | Identified the +1 robe of a volcano {rC+ rN+ Dex+3}
 15825 | Snake:1  | Entered Level 1 of the Snake Pit
 15838 | Snake:1  | Noticed a naga sharpshooter
 16063 | Lair:3   | Gained mutation: You can hop long distances. [Barachi
                  | growth]
 16063 | Lair:3   | Reached XP level 13. HP: 101/101 MP: 13/13
 16850 | Lair:4   | Reached skill level 10 in Fighting
 18334 | Lair:5   | Reached skill level 10 in Armour
 18649 | Lair:6   | Entered Level 6 of the Lair of Beasts
 18649 | Lair:6   | Noticed Kirke
 18669 | Lair:5   | Killed Kirke
 18670 | Lair:5   | Reached skill level 11 in Fighting
 18951 | Lair:6   | Reached ****** piety under Trog
 19128 | Lair:6   | Reached skill level 10 in Dodging
 19250 | Lair:6   | Found a staircase to the Slime Pits.
 19425 | Lair:6   | Reached skill level 5 in Evocations
 19425 | Lair:6   | Reached XP level 14. HP: 36/113 MP: 4/14
 19812 | Lair:6   | Noticed Urug
 19824 | Lair:6   | Killed Urug
 19954 | Lair:6   | Received a gift from Trog
 20999 | Lair:6   | Found a large runed translucent door.
 20999 | Lair:6   | Found a large runed translucent door.
 22312 | Lair:6   | Gained mutation: You are frail. (-10% HP) [potion of
                  | mutation]
 22312 | Lair:6   | Gained mutation: Your mind is acute. (Int +2) [potion of
                  | mutation]
 22650 | Orc:1    | Entered Level 1 of the Orcish Mines
 22824 | Orc:2    | Entered Level 2 of the Orcish Mines
 22824 | Orc:2    | Found a staircase to the Elven Halls.
 22928 | Orc:1    | Found a dark tunnel.
 22935 | Orc:1    | Noticed Erolcha
 22941 | Volcano  | Entered a volcano
 22986 | Volcano  | Received a gift from Trog
 23331 | Volcano  | Found a burning altar of Makhleb.
 23364 | Volcano  | Noticed a stone giant
 23374 | Volcano  | Killed a stone giant
 23744 | Orc:1    | Killed Erolcha
 23747 | Orc:1    | Noticed Jorgrun
 23763 | Orc:1    | Killed Jorgrun
 23764 | Orc:1    | Reached XP level 15. HP: 61/107 MP: 6/15
 23907 | Orc:1    | You fall into a shaft and drop 1 floor!
 23907 | Orc:2    | Found Wufony's Antique Armour Shoppe.
 23907 | Orc:2    | Found Soleug's Distillery.
 23907 | Orc:2    | Found Ontyf's Weapon Boutique.
 23907 | Orc:2    | Paralysed by an orc sorcerer for 3 turns
 23923 | Orc:2    | Reached skill level 10 in Throwing
 24002 | Orc:2    | Received a gift from Trog
 24006 | Orc:2    | Bought a potion of might for 44 gold pieces
 24006 | Orc:2    | Bought a potion of heal wounds for 55 gold pieces
 24006 | Orc:2    | Bought a potion of curing for 33 gold pieces
 24264 | Orc:2    | Found Saom's Magic Scroll Shoppe.
 24273 | Orc:2    | Bought a scroll of fog for 24 gold pieces
 24273 | Orc:2    | Bought a scroll of brand weapon for 240 gold pieces
 25123 | D:7      | Killed Thargor's ghost
 25701 | D:12     | Found Wedah's Jewellery Shoppe.
 25776 | D:12     | HP: 6/160 [mirror damage (13)]
 25779 | D:12     | HP: 2/160 [mirror damage (5)]
 25789 | D:12     | Bought a +4 ring of slaying for 1248 gold pieces
 26336 | D:12     | Identified a scroll of acquirement
 26337 | D:12     | Acquired the ring of the Ego {Drain Will+++ MP+9 Str-2
                  | Dex+8}
 27396 | D:13     | Reached XP level 16. HP: 105/113 MP: 16/16
 27584 | D:13     | Found a gate to the Vaults.
 28070 | D:14     | Found a broken altar of Ashenzari.
 28070 | D:14     | Noticed Azrael
 28096 | D:14     | Killed Azrael
 28337 | D:14     | Received a gift from Trog
 28687 | D:14     | Reached skill level 10 in Shields
 29068 | D:15     | Entered Level 15 of the Dungeon
 29127 | D:15     | Noticed Nessos
 29136 | D:15     | Killed Nessos
 29828 | D:15     | Found Zeir Soth's Serpentskin Sales.
 29850 | D:15     | Lost mutation: You are frail. (-10% HP) [potion of
                  | mutation]
 29850 | D:15     | Lost mutation: Your mind is acute. (Int +2) [potion of
                  | mutation]
 29850 | D:15     | Gained mutation: Your mind is acute. (Int +2) [potion of
                  | mutation]
 29850 | D:15     | Gained mutation: Your flesh is heat resistant. (rF+)
                  | [potion of mutation]
 29850 | D:15     | Gained mutation: You are clumsy. (Dex -2) [potion of
                  | mutation]
 30023 | D:15     | Bought 6 curare-tipped darts for 54 gold pieces
 30023 | D:15     | Bought 7 curare-tipped darts for 63 gold pieces
 30023 | D:15     | Bought 2 curare-tipped darts for 18 gold pieces
 30142 | D:15     | Found a staircase to the Depths.
 30590 | Elf:1    | Entered Level 1 of the Elven Halls
 30639 | Elf:1    | Found Caem's Magic Scroll Shop.
 30648 | Elf:1    | Bought a scroll of teleportation for 42 gold pieces
 30648 | Elf:1    | Bought a scroll of fear for 49 gold pieces
 30648 | Elf:1    | Bought a scroll of teleportation for 42 gold pieces
 30648 | Elf:1    | Bought a scroll of magic mapping for 49 gold pieces
 30648 | Elf:1    | Bought a scroll of magic mapping for 49 gold pieces
 30648 | Elf:1    | Bought a scroll of enchant weapon for 105 gold pieces
 30648 | Elf:1    | Bought a scroll of enchant weapon for 105 gold pieces
 30648 | Elf:1    | Bought a scroll of brand weapon for 280 gold pieces
 30736 | Elf:1    | Found a magical portal.
 30746 | WizLab   | Entered The Roulette of Golubria
 30746 | WizLab   | Found a transporter.
 30749 | WizLab   | Found a corrupted altar of Lugonu.
 30859 | WizLab   | Found a transporter.
 30943 | WizLab   | Found a transporter.
 30943 | WizLab   | Found a transporter.
 30973 | WizLab   | Got Golubria's Grimoire of Dislocation
 30979 | WizLab   | Found a transporter.
 31183 | WizLab   | Found a transporter.
 31190 | WizLab   | Found a corrupted altar of Lugonu.
 31213 | WizLab   | Found a transporter.
 31255 | WizLab   | Found a transporter.
 31311 | WizLab   | Found a transporter.
 31314 | WizLab   | Noticed a tentacled monstrosity
 31350 | WizLab   | Found a transporter.
 31352 | WizLab   | Noticed a tentacled starspawn
 31487 | WizLab   | Found a transporter.
 31487 | WizLab   | Found a transporter.
 31622 | WizLab   | Found the +1 cloak of Starlight {*Dazzle EV+4 Stlth--}
 31623 | WizLab   | Found a transporter.
 31674 | WizLab   | Identified the +1 cloak of Weak Happiness {MP+9}
 31701 | WizLab   | Identified the +1 cloak "Laomyfo" {rN++ Str-3 SInv Stlth+}
 31739 | WizLab   | Found a transporter.
 31743 | WizLab   | Received a gift from Trog
 31752 | WizLab   | Killed a tentacled monstrosity
 31859 | WizLab   | Found a transporter.
 31859 | WizLab   | Found a transporter.
 31884 | WizLab   | Found a transporter.
 32011 | WizLab   | Found a transporter.
 32011 | WizLab   | Found a transporter.
 32011 | WizLab   | Paralysed by an air elemental for 1 turns
 32016 | WizLab   | Paralysed by an air elemental for 1 turns
 32067 | WizLab   | Found a transporter.
 32153 | Elf:1    | Noticed an Executioner
 32158 | Elf:1    | Reached XP level 17. HP: 123/131 MP: 17/17
 32162 | Elf:1    | Noticed a Tzitzimitl
 32196 | Elf:1    | Found a runed translucent gate.
 32196 | Elf:1    | Found a runed translucent gate.
 32196 | Elf:1    | Found a runed translucent gate.
 32196 | Elf:1    | Found a runed translucent gate.
 32198 | Elf:1    | Found a runed translucent gate.
 32198 | Elf:1    | Found a runed translucent gate.
 32259 | Elf:1    | Reached XP level 18. HP: 138/138 MP: 18/18
 33030 | Elf:1    | Noticed a Hell Sentinel
 34470 | Elf:2    | Reached skill level 15 in Shields
 34540 | Elf:2    | Identified the +4 chain mail of the Original Sin {rC+ rN+
                  | Will+ Int-4}
 34781 | Elf:2    | Reached skill level 15 in Throwing
 34906 | Elf:2    | Found a huge runed translucent gate.
 34906 | Elf:2    | Found a huge runed translucent gate.
 34906 | Elf:2    | Found a huge runed translucent gate.
 34906 | Elf:2    | Found a huge runed translucent gate.
 34908 | Elf:2    | Found a huge runed translucent gate.
 35097 | Elf:2    | Reached skill level 12 in Fighting
 35277 | Elf:2    | Received a gift from Trog
 35744 | Elf:2    | Reached skill level 13 in Fighting
 36364 | Swamp:1  | Entered Level 1 of the Swamp
 36600 | Swamp:1  | Found a frozen archway.
 36621 | IceCv    | Entered an ice cave
 37018 | IceCv    | Reached skill level 14 in Fighting
 37104 | IceCv    | Noticed an Ice Fiend
 37104 | IceCv    | Noticed an Ice Fiend
 37459 | IceCv    | Killed an Ice Fiend
 37460 | IceCv    | Reached XP level 19. HP: 152/152 MP: 19/19
 37481 | IceCv    | Killed an Ice Fiend
 38091 | IceCv    | Identified the +9 broad axe "Onnyusta" {flame, Int+5}
 38632 | Swamp:2  | Acquired 1243 gold pieces
 38767 | Swamp:2  | Noticed Nikola
 38782 | Swamp:2  | Killed Nikola
 38782 | Swamp:2  | Received a gift from Trog
 38953 | Swamp:2  | Reached skill level 15 in Fighting
 39483 | Swamp:3  | Noticed Louise
 39503 | Swamp:3  | Killed Louise
 40396 | Swamp:4  | Entered Level 4 of the Swamp
 40825 | Swamp:4  | Reached skill level 16 in Fighting
 41122 | Swamp:4  | Paralysed by a hornet for 3 turns
 41983 | Swamp:4  | Received a gift from Trog
 42131 | Swamp:4  | Got a decaying rune of Zot
 42925 | Snake:1  | Reached skill level 17 in Fighting
 42926 | Snake:1  | Reached XP level 20. HP: 164/168 MP: 20/20
 43868 | Snake:2  | Received a gift from Trog
 44219 | Snake:2  | Noticed Aizul
 44238 | Snake:2  | Killed Aizul
 44610 | Snake:2  | Noticed Agnes
 44626 | Snake:2  | Killed Agnes
 44707 | Snake:2  | Noticed Vashnia
 45136 | Snake:2  | Received a gift from Trog
 45137 | Snake:2  | Reached skill level 18 in Fighting
 45162 | Snake:2  | Killed Vashnia
 46539 | Snake:3  | Found Baorr's Distillery.
 46550 | Snake:3  | Reached skill level 15 in Armour
 46559 | Snake:3  | Found Firuff's Weapon Boutique.
 46564 | Snake:3  | Found Omeowk's Jewellery Shop.
 46604 | Snake:3  | Bought a potion of heal wounds for 100 gold pieces
 46604 | Snake:3  | Bought a potion of heal wounds for 100 gold pieces
 46609 | Snake:3  | Bought a ring "Xietaocwu" {rPois Will+ Str+4 Dex+4} for 790
                  | gold pieces
 46805 | Snake:3  | Received a gift from Trog
 46952 | Snake:3  | Reached skill level 19 in Fighting
 47035 | Snake:4  | Entered Level 4 of the Snake Pit
 47401 | Snake:4  | Reached XP level 21. HP: 146/180 MP: 21/21
 47540 | Snake:4  | Noticed Donald
 47722 | Snake:3  | Killed Donald
 48304 | Snake:3  | Reached skill level 15 in Dodging
 48352 | Snake:4  | Received a gift from Trog
 48357 | Snake:4  | Reached skill level 20 in Fighting
 48816 | Snake:4  | Got a serpentine rune of Zot
 49613 | Vaults:1 | Entered Level 1 of the Vaults
 49637 | Vaults:1 | Identified the +9 falchion of Ciuseklu {vorpal, Dex+2}
                  | (Trog gifted it to you on level 1 of the Vaults)
 49637 | Vaults:1 | Received a gift from Trog
 50079 | Vaults:1 | Reached skill level 21 in Fighting
 50839 | Vaults:1 | Found Onaor's Book Emporium.
 51023 | Vaults:1 | Received a gift from Trog
 51436 | Vaults:2 | Reached XP level 22. HP: 78/194 MP: 14/22
 51869 | Vaults:2 | Found Kan Lih's Jewellery Shop.
 52145 | Vaults:2 | Reached skill level 22 in Fighting
 52258 | Vaults:2 | Received a gift from Trog
 52717 | Vaults:2 | Noticed Frederick
 52730 | Vaults:2 | Killed Frederick
 53073 | Vaults:2 | Found a staircase to the Crypt.
 53901 | Vaults:3 | Received a gift from Trog
 54665 | Vaults:3 | Reached skill level 23 in Fighting
 55629 | Vaults:3 | Received a gift from Trog
 56374 | Vaults:4 | Found Fonto's Antique Weapon Emporium.
 56398 | Vaults:4 | Reached XP level 23. HP: 202/208 MP: 23/23
 57427 | Vaults:5 | Entered Level 5 of the Vaults
 57437 | Vaults:4 | Reached skill level 24 in Fighting
 57963 | Vaults:4 | Received a gift from Trog
 58376 | Vaults:5 | Noticed Mennas
 58551 | Vaults:4 | Killed Mennas
 58759 | Vaults:5 | Noticed a dread lich
 58767 | Vaults:5 | Killed a dread lich
 58768 | Vaults:5 | Reached skill level 25 in Fighting
 58883 | Vaults:5 | Noticed a golden dragon
 58912 | Vaults:5 | Killed a golden dragon
 59335 | Vaults:5 | Noticed a golden dragon
 59345 | Vaults:5 | Killed a golden dragon
 59935 | Vaults:5 | Noticed Mara
 59958 | Vaults:5 | Killed Mara
 59959 | Vaults:5 | Reached XP level 24. HP: 214/221 MP: 10/23
 60230 | Vaults:5 | Received a gift from Trog
 60256 | Vaults:5 | Noticed an ancient lich
 60257 | Vaults:5 | Identified the +0 plate armour of the Other Side {*Slow
                  | rPois rF+++ rCorr}
 60271 | Vaults:5 | Killed from afar by an ancient lich

Illustrated notes

Levels and vault maps discovered:
D:1:      matt_arrival_debris, layout_basic,
          hellmonk_ecumenical_altar_pennies_from_heaven,
          minmay_shallow_snake_nest
D:2:      minmay_door_path, layout_basic
D:3:      layout_basic, amcnicky_altar_gilded, lemuel_tele_altar,
          minmay_misc_feat_tower
D:4:      cheibrodos_quashed, layout_basic, nicolae_dithmenos_the_darkroom,
          nicolae_overflow_crystal_walls, uniq_edmund, uniq_robin
D:5:      cheibrodos_fzero, layout_basic, uniq_pikel
D:6:      layout_basic, nicolae_overflow_hidden_temple,
          minmay_temple_entry_fiery, minmay_misc_feat_five
D:7:      layout_loops_ring, marbit_many_paths, lemuel_doored_altar,
          gammafunk_ghost_mausoleum, enter_bailey_3, minmay_misc_feat_encased,
          uniq_duvessa, uniq_crazy_yiuf_cottage
D:8:      layout_basic, kennysheep_mini_moat
D:9:      layout_loops_cross, nicolae_hepliaklqana_ecumenical_no_more,
          uniq_prince_ribbit1
D:10:     layout_irregular_city, nicolae_qazlal_general_emergency, david_orc_3,
          nicolae_trove_entry_columns, serial_shops, nicolae_take_the_stairs,
          minivault_16, uniq_joseph, uniq_sonja
D:11:     layout_basic, lair_entry_dummy, minmay_misc_feat_ornament,
          uniq_maurice
D:12:     layout_cross, minmay_shop_enchanted_jewellery
D:13:     layout_stronghold, grunt_vaults_entry_fortified
D:14:     minmay_angry_zag, layout_stronghold, minivault_14, ashenzari_altar_1,
          uniq_azrael
D:15:     grunt_enter_depths_giant_problem, layout_basic,
          hangedman_abyss_or_decor_slice, guppyfry_shop_venom, uniq_nessos
Lair:1:   layout_regular_city, chequers_serial_rivers_micro_b
Lair:2:   statuecave_lemuel, layout_chaotic_city, minmay_swamp_entry_eels,
          dummy_snake_entry, lemuel_fruit_tree, grunt_megastairs_2
Lair:3:   layout_regular_city, lemuel_oklob_altar
Lair:4:   layout_cellular_growth, patterned_corridor
Lair:5:   layout_cave_pods, disabler_island
Lair:6:   cheibrodos_lair_end_hotspot, layout_regular_city,
          minmay_slime_entry_pillars, cheibrodos_lair_lostbears, uniq_kirke,
          uniq_urug
Swamp:1:  layout_basic_swamp, portal_ice_cave_entry_pillars_1,
          infiniplex_staircase_pool, nicolae_swamp_spooky_pond
Swamp:2:  cheibrodos_swamp_tower_of_moss, layout_basic_swamp,
          evilmike_swamp_ruin_house_4, swamp_pool2, uniq_nikola
Swamp:3:  layout_basic_swamp, serial_swamp_ruin, evilmike_swamp_ruin_house_6,
          evilmike_swamp_ruin_rubble_1, uniq_louise
Swamp:4:  swamp_basic_johnstein, layout_basic_swamp, swamp_pool2
Snake:1:  layout_misc_corridors
Snake:2:  layout_cave_shapes, nicolae_snake_omega, grunt_megastairs_5,
          uniq_aizul, uniq_vashnia, uniq_agnes
Snake:3:  layout_basic, minmay_shop_star, grunt_megastairs_1
Snake:4:  snake_pit, layout_rooms, serial_bayou_shore_b, uniq_donald
Orc:1:    layout_caves, nicolae_volcano_entry_lava_flow, mines1_david,
          uniq_erolcha, uniq_jorgrun
Orc:2:    st_orc_open, layout_caves
Elf:1:    elf_arrival_001, layout_onion_city,
          portal_desolation_entry_twin_temple, serial_shops, shop_statue,
          mu_enter_wizlab_4, orc_legates
Elf:2:    layout_geoelf_diagonals
Vaults:1: hangedman_vaults_nodes, v_alt_pattern_2, v_pattern_2,
          ontoclasm_vaults_gallery, vaults_dpeg_diagonal,
          hangedman_vaults_pinch, ontoclasm_vaults_spin,
          nicolae_vaults_yaktaur_gun_rack, v_misc_14,
          nicolae_vaults_little_squares_6, vaults_room_octagon,
          nicolae_vaults_little_squares_5, hangedman_vaults_impose,
          layout_vaults_maze_bifur, serial_shops, nicolae_lakefront_shop
Vaults:2: grunt_vaults_twisty, minmay_crypt_entry_simple_statues,
          nicolae_vaults_mini_display_case, vaults_room_stairs_pillars,
          ontoclasm_vaults_twist, nicolae_vaults_network_barrier,
          hangedman_vaults_stitches, ontoclasm_vaults_misaligned,
          hangedman_vaults_snaps, vaults_dpeg_doors, ontoclasm_vaults_shuriken,
          hangedman_vaults_restitches, hangedman_vaults_corner_blocks,
          nicolae_vaults_rhombus_6, nicolae_vaults_theta,
          grunt_vaults_hallway_long, layout_vaults_omnibox, serial_shops, shop,
          uniq_frederick
Vaults:3: nicolae_vaults_little_squares_6, v_misc_4,
          hangedman_vaults_river_flow, hangedman_vaults_corner_blocks,
          vaults_room_corners, v_misc_14, nicolae_vaults_circle_grid_a,
          nicolae_vaults_circle_grid_a, v_alt_pattern_5,
          ontoclasm_vaults_loading_screen, layout_vaults_omnicross
Vaults:4: nicolae_vaults_circle_grid_b, nicolae_vaults_little_squares_2,
          st_cells, nicolae_vaults_gold_heap, nicolae_vaults_little_squares_6,
          layout_vaults_omnigrid, serial_shops, shop
Vaults:5: serial_shops, uniq_mara, uniq_mennas

Skill      XL: |  1  2  3  4  5  6  7  8  9 10 11 12 13 14 15 16 17 18 19 20 21 22 23 24 |
---------------+-------------------------------------------------------------------------+-----
Long Blades    | 4 5 6 7 9 11 13 15 16 | 16.7
Fighting       | 4 5 6 9 11 14 17 19 21 23 25 | 25.9
Armour         | 3 5 6 7 8 11 12 13 15 | 15.2
Dodging        | 4 7 10 12 13 14 16 17 18 19 | 19.0
Evocations     | 2 4 5 8 |  8.3
Shields        | 5 7 12 14 15 | 15.0
Throwing       | 3 8 9 13 14 15 16 | 16.0

Action                   |  1- 3 |  4- 6 |  7- 9 | 10-12 | 13-15 | 16-18 | 19-21 | 22-24 || total
-------------------------+-------+-------+-------+-------+-------+-------+-------+-------++-------
Melee: Falchion          |   121 |   114 |   283 |   658 |   515 |       |       |       ||  1691
       Demon blade       |       |       |       |       |   517 |   799 |  1533 |   987 ||  3836
       Demon trident     |       |       |       |       |     7 |       |       |       ||     7
       Eudemon blade     |       |       |       |       |       |       |       |    20 ||    20
 Fire: Hunting sling     |       |       |     3 |       |       |       |       |       ||     3
Throw: Dart              |       |       |       |    75 |       |     4 |       |       ||    79
       Javelin           |       |       |       |       |     4 |    11 |     6 |    15 ||    36
       Boomerang         |       |       |       |       |       |     1 |    42 |     1 ||    44
       Throwing net      |       |       |       |       |       |     1 |       |       ||     1
Invok: Berserk           |       |     2 |     3 |     2 |     8 |     4 |       |       ||    19
       Trog's Hand       |       |       |       |       |     7 |     5 |     4 |     2 ||    18
 Abil: Hop               |       |     1 |     1 |     5 |     5 |     3 |     3 |     1 ||    19
Evoke: Wand              |       |       |       |    14 |     7 |     2 |     3 |       ||    26
       Condenser vane    |       |       |       |       |     2 |     3 |     2 |       ||     7
  Use: Scroll            |       |     3 |     6 |     6 |    16 |     8 |     5 |    13 ||    57
       Potion            |       |       |     1 |       |    12 |     5 |     3 |     3 ||    24
 Stab: Sleeping          |     1 |       |       |       |       |       |       |       ||     1
       Distracted        |       |       |       |       |     1 |       |       |       ||     1
       Invisible         |       |       |       |       |       |     8 |    40 |    23 ||    71
Armor: Animal skin       |    20 |       |       |       |       |       |       |       ||    20
       Leather armour    |     4 |     4 |       |       |       |       |       |       ||     8
       Ring mail         |       |     6 |       |       |       |       |       |       ||     6
       Chain mail        |       |    32 |   144 |   271 |   418 |   227 |   446 |   226 ||  1764
       Gold dragon scale |       |       |       |       |       |       |       |    57 ||    57
Dodge: Dodged            |    93 |    80 |   181 |   384 |   565 |   371 |   916 |   515 ||  3105
Block: Buckler           |       |       |       |    51 |   204 |   142 |       |       ||   397
       Kite shield       |       |       |       |       |       |   138 |  1006 |   617 ||  1761
       Reflection        |       |       |       |       |       |       |    52 |    30 ||    82
       Rpst.: Falchion   |    22 |    19 |    53 |    86 |    70 |       |       |       ||   250
       Demon blade       |       |       |       |       |    63 |    74 |   130 |   111 ||   378
       Eudemon blade     |       |       |       |       |       |       |       |     3 ||     3

Table legend: (Time is in decaauts)
 A = Elapsed time spent in this place.
 B = Non-inter-level travel time spent in this place.
 C = Inter-level travel time spent in this place.
 D = Time resting spent in this place.
 E = Time spent auto-exploring this place.
 F = Levels seen in this place.
 G = Mean time per level.
                   A        B        C        D        E       F      G
               +--------+--------+--------+--------+--------+-----+--------+
         Total |  64133 |  60885 |   3248 |  12372 |  37555 |  42 | 1527.0 |
       Dungeon |  19741 |  18063 |   1678 |   2224 |  13026 |  15 | 1316.1 |
          Lair |  11063 |  10201 |    862 |   2500 |   6224 |   6 | 1843.8 |
         Swamp |   4835 |   4689 |    146 |   1185 |   2760 |   4 | 1208.8 |
     Snake Pit |   7090 |   6875 |    215 |   1835 |   3816 |   4 | 1772.5 |
  Orcish Mines |   1690 |   1615 |     75 |      0 |   1173 |   2 |  845.0 |
   Elven Halls |   4482 |   4354 |    128 |    863 |   2748 |   2 | 2241.0 |
        Vaults |  10982 |  10840 |    142 |   1978 |   6999 |   5 | 2196.4 |
        Bailey |    401 |    401 |      0 |      0 |    129 |   1 |  401.0 |
      Ice Cave |   1601 |   1601 |      0 |    967 |    233 |   1 | 1601.0 |
       Volcano |    824 |    824 |      0 |    426 |      0 |   1 |  824.0 |
        Wizlab |   1420 |   1420 |      0 |    391 |    444 |   1 | 1420.0 |
               +--------+--------+--------+--------+--------+-----+--------+

Top non-repeatable levels by time:
  Lair:6: 2982 daAuts
 Snake:3: 2751 daAuts
Vaults:4: 2714 daAuts
   Elf:1: 2412 daAuts
Vaults:2: 2292 daAuts
Vaults:3: 2279 daAuts
Vaults:1: 2143 daAuts
  Lair:5: 2113 daAuts
   Elf:2: 2070 daAuts
  Lair:2: 2033 daAuts
 Snake:2: 2024 daAuts
 Swamp:4: 1913 daAuts
    D:11: 1899 daAuts
    D:10: 1747 daAuts
   IceCv: 1601 daAuts
